 Dungeon Crawl Stone Soup version 0.30-a0-852-g08b95dd62f (webtiles) character file.

Game seed: 3704105326968849990

33877 oldriver the Marksmeteoran (level 14, 0/125 HPs)
             Began as a Meteoran Hunter on Mar 4, 2023.
             Was a High Priest of Okawaru.
             Slain by a skyshark (14 damage)
             ... on level 4 of the Lair of Beasts.
             The game lasted 00:46:29 (7592 turns).

oldriver the Marksmeteoran (Meteoran Hunter)        Turns: 7592, Time: 00:46:30

Health: 0/125      AC:  7    Str: 13    XL:     14   Next: 44%
Magic:  16/22      EV: 26    Int: 13    God:    Okawaru [*****.]
Gold:   694        SH:  5    Dex: 21    Spells: 13/13 levels left

rFire   . . .      SeeInvis .    a - +4 shortbow (drain)
rCold   . . .      Faith    .    (shield currently unavailable)
rNeg    . . .      Spirit   .    d - +0 leather armour {rPois}
rPois   +          Reflect  +    j - +0 helmet
rElec   .          Rampage  .    (no cloak)
rCorr   +                        D - +0 pair of gloves
Will    ++...                    (no boots)
Stlth   ++                       A - amulet of reflection
HPRegen 0.40/turn                v - ring of resist corrosion
MPRegen 0.18/turn                i - ring of willpower

@: about to teleport, heroic, finesse-ful, glowing
A: sense surroundings 2, otherworldly, glowing, explore regen
a: Renounce Religion, Heroism, Finesse, Duel


You were on level 4 of the Lair of Beasts.
You worshipped Okawaru.
Okawaru was extremely pleased with you.
You visited 2 branches of the dungeon, and saw 15 of its levels.

You collected 923 gold pieces.
You spent 229 gold pieces at shops.

Inventory:

Hand Weapons
 a - a +4 shortbow of draining (weapon)
Missiles
 g - 11 poisoned darts
 z - 2 throwing nets
 K - 4 atropa-tipped darts
Armour
 c - a +3 ring mail
 d - a +0 leather armour of poison resistance (worn)
 j - a +0 helmet (worn)
 D - a +0 pair of gloves (worn)
 L - a +1 ring mail of fire resistance
Jewellery
 f - a ring of positive energy
 i - a ring of willpower (right hand)
 k - a ring of protection from fire
 n - a ring of wizardry
 v - a ring of resist corrosion (left hand)
 x - an amulet of guardian spirit
 A - an amulet of reflection (around neck)
 Q - a ring of flight
Wands
 e - a wand of iceblast (14)
 r - a wand of acid (1)
 y - a wand of polymorph (16)
 F - a wand of digging (6)
 I - a wand of flame (22)
Scrolls
 b - 7 scrolls of immolation
 l - 2 scrolls of torment
 p - 2 scrolls of teleportation
 s - a scroll of amnesia
 B - 2 scrolls of fear
 J - a scroll of magic mapping
Potions
 h - 3 potions of flight
 m - 2 potions of attraction
 o - a potion of invisibility
 q - a potion of brilliance
 t - 3 potions of haste
 u - 4 potions of degeneration
 w - a potion of berserk rage
 C - 6 potions of curing
 E - a potion of lignification
 G - 3 potions of ambrosia
 H - 3 potions of might
 P - a potion of resistance {unknown}


   Skills:
 + Level 11.9(16.9) Fighting
 + Level 15.7(20.7) Ranged Weapons
 - Level 6.0(11.0) Armour
 - Level 14.0(19.0) Dodging
 - Level 0.6(5.6) Stealth
 + Level 10.1 Invocations
 - Level 3.0 Evocations


You had 13 spell levels left.
You didn't know any spells.
Your spell library contained the following spells:

 Spells                   Type           Power      Damage    Failure   Level
 Apportation              Tloc           0%         N/A       36%         1
 Beastly Appendage        Tmut           0%         N/A       36%         1
 Necrotise                Necr           0%         1d4       36%         1
 Shock                    Conj/Air       0%         1d3       36%         1
 Wereblood                Tmut           0%         N/A       50%         2
 Gell's Gravitas          Tloc           0%         N/A       73%         3
 Portal Projectile        Hex/Tloc       0%         N/A       73%         3
 Spider Form              Tmut/Pois      0%         N/A       73%         3
 Teleport Other           Tloc           0%         N/A       73%         3
 Vampiric Draining        Necr           0%         2d6       73%         3
 Cause Fear               Hex            0%         N/A       98%         4
 Leda's Liquefaction      Hex/Erth       0%         N/A       98%         4
 Passage of Golubria      Tloc           0%         N/A       98%         4
 Agony                    Necr           0%         N/A       100%        5
 Blade Hands              Tmut           0%         N/A       100%        5
 Silence                  Hex/Air        0%         N/A       100%        5
 Yara's Violent Unravell  Hex/Tmut       0%         3d3       100%        5
 Dispersal                Tloc           0%         N/A       100%        6
 Iron Shot                Conj/Erth      0%         9d1       100%        6
 Dragon Form              Tmut           0%         N/A       100%        7
 Lehudib's Crystal Spear  Conj/Erth      0%         10d2      100%        8
 Call Canine Familiar     Summ           Unusable   N/A       N/A         3
 Tukima's Dance           Hex            Unusable   N/A       N/A         3
 Animate Armour           Summ/Erth      Unusable   N/A       N/A         4
 Dragon's Call            Summ           Unusable   N/A       N/A         9

Dungeon Overview and Level Annotations

Branches:
Dungeon (11/15) Zot: 834   Temple (0/1) D:6            Lair (4/5) D:10 Zot: 761
 Shoals (0/4) Lair:2       Spider (0/4) Lair:2
  Slime: Lair:4-5       Orc: D:9-12

Altars:
Cheibriados
Dithmenos
Elyvilon
Fedhas
Gozag
Kikubaaqudgha
Makhleb
Okawaru
Qazlal
Ru
Sif Muna
Trog
Vehumet
Wu Jian
Xom

Shops:
D:10 *(

Portals:
Trove: D:10 (give +7 demon trident)


Innate Abilities, Weirdness & Mutations

You passively map the area around you.
You are easily found by Zot.
You glow in the dark.
You regain HP and MP as you explore.


Message History

Aim: a skyshark (berserk, 81% to hit)
You shoot an arrow.
The arrow hits the skyshark but does no damage.
You drain the skyshark.
The skyshark is lightly wounded.
The skyshark misses you. The skyshark completely misses you.
You block the skyshark's attack.
Fire: a) +4 shortbow (drain)
Press: ? - help, Shift-Dir - straight line, f/p - skyshark
Aim: a skyshark (lightly wounded, berserk, lightly drained, 81% to hit)
You shoot an arrow. The arrow hits the skyshark.
You drain the skyshark.
The skyshark is lightly wounded.
Fire: a) +4 shortbow (drain)
Press: ? - help, Shift-Dir - straight line, f/p - skyshark
Aim: a skyshark (lightly wounded, berserk, lightly drained, 81% to hit)
You shoot an arrow. The arrow hits the skyshark!
The skyshark is lightly wounded.
You block the skyshark's attack. x2; The skyshark misses you.
Fire: a) +4 shortbow (drain)
Press: ? - help, Shift-Dir - straight line, f/p - skyshark
Aim: a skyshark (lightly wounded, berserk, lightly drained, 81% to hit)
You shoot an arrow.
The arrow hits the skyshark but does no damage.
The skyshark is lightly wounded.
Fire: a) +4 shortbow (drain)
Press: ? - help, Shift-Dir - straight line, f/p - skyshark
Aim: a skyshark (lightly wounded, berserk, lightly drained, 81% to hit)
You shoot an arrow. The arrow hits the skyshark!
The skyshark is moderately wounded.
The skyshark bites you!
* * * LOW HITPOINT WARNING * * *
The skyshark misses you. The skyshark tail-slaps you.
* * * LOW HITPOINT WARNING * * *
You can't see any enemies this would affect, really read the scroll of fear?
Okay, then.
Unknown command.
Unknown command.
As you read the scroll of teleportation, it crumbles to dust.
You feel strangely unstable. The skyshark bites you!
You die...

, * ,..., # 8, * ** * ... *#. ,
.... ##.# , ..... ##.#* ...###
......####†## 8).#.# ######
#.......#.##
##..#..#.#.....######.......##
#........#.†# #.@..#PP...##..####
....)....h<.##...l.............#.
...........#.....................
............?....................
.<...YY...#............<.........
.........P.#...................(.
.......... .......P......Y...P...
.............#.................#.
..##.#..P. *.#.#.#.#..##......#.


You could see a skyshark (berserk, drained).

Vanquished Creatures
  A centaur warrior (D:8)
  3 two-headed ogres
  5 death yaks
  A skyshark (Lair:2)
  An oklob plant (D:10)
  3 elephants (Lair:4)
  A black mamba (Lair:4)
  11 cane toads
  4 komodo dragons
  A rime drake (Lair:2)
  Psyche (D:10)
  2 trolls (D:10)
  2 polar bears
  4 blink frogs (Lair:3)
  2 dream sheep (Lair:3)
  38 yaks
  3 wyverns
  A steam dragon (D:9)
  A basilisk (Lair:1)
  A redback (Lair:2)
  7 water moccasins
  Duvessa (D:5)
  4 orc warriors
  6 black bears
  3 ogres
  14 centaurs
  9 wolves
  A phantom (D:6)
  A gnoll sergeant (D:8)
  13 bullfrogs
  A scorpion (D:4)
  Dowan (D:5)
  11 killer bees
  3 howler monkeys
  A gnoll bouda (D:5)
  4 hounds
  An orc priest (D:9)
  An iron imp (D:6)
  A jelly (D:6)
  2 sleepcaps
  4 iguanas
  Ijyb (D:3)
  4 orc wizards
  14 gnolls
  5 adders
  2 white imps (D:7)
  An ufetubus (D:6)
  2 worms
  3 dart slugs
  27 orcs
  5 endoplasms
  4 goblins
  4 hobgoblins
  5 jackals
  5 kobolds
  3 quokkas
  4 ball pythons
  4 bats
  2 frilled lizards (D:2)
  4 rats
274 creatures vanquished.

Vanquished Creatures (others)
  12 fungi
  12 plants
  2 toadstools (D:6)
26 creatures vanquished.

Grand Total: 300 creatures vanquished

Notes
Turn   | Place    | Note
-------+----------+-------------------------------------------
     0 | D:1      | oldriver the Meteoran Hunter began the quest for the Orb.
     0 | D:1      | Reached XP level 1. HP: 17/17 MP: 2/2
   131 | D:1      | Reached XP level 2. HP: 25/25 MP: 3/3
   333 | D:1      | Found a faded altar of an unknown god.
   342 | D:1      | Reached XP level 3. HP: 30/30 MP: 4/4
   346 | D:1      | Prayed at the altar of an unknown god.
   346 | D:1      | Became a worshipper of Warmaster Okawaru
   346 | D:1      | Reached * piety under Okawaru
   514 | D:2      | Reached skill level 5 in Ranged Weapons
   564 | D:2      | Reached skill level 1 in Invocations
   674 | D:2      | Reached XP level 4. HP: 32/38 MP: 5/5
   966 | D:3      | Found a sacrificial altar of Ru.
  1064 | D:3      | Found a white marble altar of Elyvilon.
  1065 | D:3      | Found an iron altar of Okawaru.
  1066 | D:3      | Found a blossoming altar of Fedhas.
  1066 | D:3      | Found a radiant altar of Vehumet.
  1068 | D:3      | Found an ornate altar of the Wu Jian Council.
  1068 | D:3      | Found a burning altar of Makhleb.
  1069 | D:3      | Found an ancient bone altar of Kikubaaqudgha.
  1080 | D:3      | Reached XP level 5. HP: 45/45 MP: 7/7
  1182 | D:3      | Noticed Ijyb
  1189 | D:3      | HP: 1/45 [Ijyb/bolt of acid (26)]
  1192 | D:3      | Killed Ijyb
  1556 | D:4      | Reached skill level 6 in Ranged Weapons
  1556 | D:4      | Reached XP level 6. HP: 52/52 MP: 7/9
  2056 | D:5      | Entered Level 5 of the Dungeon
  2063 | D:5      | Noticed an ogre
  2074 | D:5      | Killed an ogre
  2075 | D:5      | Reached XP level 7. HP: 43/59 MP: 8/10
  2112 | D:5      | Reached skill level 7 in Ranged Weapons
  2237 | D:5      | Noticed Dowan
  2253 | D:6      | Found a snail-covered altar of Cheibriados.
  2264 | D:6      | Reached XP level 8. HP: 62/67 MP: 9/11
  2337 | D:6      | Reached skill level 5 in Fighting
  2344 | D:6      | Found a staircase to the Ecumenical Temple.
  2346 | D:6      | Reached ** piety under Okawaru
  2347 | D:6      | Reached skill level 8 in Ranged Weapons
  2639 | D:5      | Reached skill level 9 in Ranged Weapons
  2639 | D:5      | Reached skill level 5 in Invocations
  2639 | D:5      | Gained mutation: You passively map the area around you.
                  | [Meteoran growth]
  2639 | D:5      | Reached XP level 9. HP: 44/75 MP: 11/13
  2665 | D:5      | Noticed Duvessa
  2673 | D:5      | Killed Duvessa
  2698 | D:5      | Found a bloodstained altar of Trog.
  2709 | D:5      | Found a shimmering blue altar of Sif Muna.
  2717 | D:5      | Killed Dowan
  2721 | D:5      | Got Sif Muna's Vellum of Relocation and Weather
  2807 | D:6      | Reached skill level 10 in Ranged Weapons
  3171 | D:7      | Reached skill level 1 in Evocations
  3559 | D:7      | Reached XP level 10. HP: 71/86 MP: 14/14
  3895 | D:8      | Noticed a two-headed ogre
  3906 | D:8      | Killed a two-headed ogre
  3906 | D:8      | Reached *** piety under Okawaru
  3907 | D:8      | Reached skill level 11 in Ranged Weapons
  3907 | D:8      | Reached skill level 5 in Dodging
  3925 | D:8      | Noticed a centaur warrior
  3932 | D:8      | Killed a centaur warrior
  3933 | D:8      | Reached skill level 12 in Ranged Weapons
  4181 | D:8      | Found a stormy altar of Qazlal.
  4420 | D:9      | Reached **** piety under Okawaru
  4420 | D:9      | Received a gift from Okawaru
  4475 | D:9      | Noticed a two-headed ogre
  4491 | D:9      | Killed a two-headed ogre
  4492 | D:9      | Reached skill level 13 in Ranged Weapons
  4492 | D:9      | Reached XP level 11. HP: 47/97 MP: 12/15
  4672 | D:10     | Entered Level 10 of the Dungeon
  5052 | D:10     | Found a shadowy altar of Dithmenos.
  5150 | D:10     | Found a portal to a secret trove of treasure.
  5204 | D:10     | Found an opulent altar of Gozag.
  5215 | D:10     | Found a shimmering altar of Xom.
  5255 | D:10     | Noticed Psyche
  5258 | D:10     | Killed Psyche
  5433 | D:10     | Noticed a two-headed ogre
  5452 | D:10     | Killed a two-headed ogre
  5453 | D:10     | Reached skill level 10 in Fighting
  5453 | D:10     | Reached skill level 14 in Ranged Weapons
  5479 | D:10     | Noticed an oklob plant
  5485 | D:10     | Found a staircase to the Lair.
  5513 | D:10     | Killed an oklob plant
  5540 | D:10     | Found Nefatran's Assorted Antiques.
  5548 | D:10     | Bought a sapphire potion for 26 gold pieces
  5548 | D:10     | Bought a tubular agate ring for 145 gold pieces
  5548 | D:10     | Bought a scroll of identify for 58 gold pieces
  5559 | D:10     | Found Tadyam's Weapon Emporium.
  5796 | Lair:1   | Entered Level 1 of the Lair of Beasts
  5865 | Lair:1   | You fall into a shaft and drop 1 floor!
  5865 | Lair:2   | Noticed a skyshark
  5881 | Lair:2   | Reached skill level 1 in Armour
  5973 | Lair:1   | Reached XP level 12. HP: 76/106 MP: 17/17
  6087 | Lair:1   | Reached XP level 13. HP: 113/113 MP: 18/18
  6239 | Lair:1   | Reached skill level 5 in Armour
  6365 | Lair:2   | Reached ***** piety under Okawaru
  6482 | Lair:2   | Found a hole to the Spider Nest.
  6511 | Lair:2   | Found a staircase to the Shoals.
  6713 | Lair:3   | Noticed a death yak
  6715 | Lair:3   | Noticed a death yak
  6717 | Lair:3   | Noticed a death yak
  6719 | Lair:3   | Noticed a death yak
  6721 | Lair:3   | Noticed a death yak
  6740 | Lair:2   | Killed a death yak
  6916 | Lair:3   | Reached skill level 15 in Ranged Weapons
  7093 | Lair:3   | Killed a death yak
  7094 | Lair:3   | Reached XP level 14. HP: 124/124 MP: 15/21
  7114 | Lair:3   | Received a gift from Okawaru
  7547 | Lair:4   | Reached skill level 10 in Invocations
  7592 | Lair:4   | Slain by a skyshark

Illustrated notes

Levels and vault maps discovered:
D:1:      dpeg_arrival_pits, layout_loops_ring,
          shapermc_ecumenical_altar_mp_highgroup
D:2:      layout_loops_cross, serial_glass, glass_columns_b, glass_columns_b
D:3:      kennysheep_big_flooded_room, layout_basic, grunt_temple_overflow_open,
          grunt_ministairs_14, chequers_arboretum, uniq_ijyb
D:4:      layout_cave_pods
D:5:      layout_basic, nzn_overflow_gifts_of_might_and_magic
D:6:      layout_basic, slow_altar_1, minmay_temple_entry_steel_oval,
          hangedman_abyss_or_decor_stagger, minmay_gold_behind_fungi
D:7:      layout_loops_ring
D:8:      layout_rooms, grunt_qazlal_sundering, minmay_three_doors
D:9:      layout_stronghold
D:10:     layout_basic, overflow_temple_1_default,
          mainiacjoe_overflow_large_starburst, dpeg_oklobed_lair, serial_shops,
          nicolae_square_shop, nicolae_shop_statue_plus, enter_trove_3,
          lemuel_flamethrower_2, uniq_psyche
D:11:     layout_rooms, orc_0_dummy, special_room [special_room_orc],
          uniq_maurice, uniq_erica
Lair:1:   layout_misc_corridors, infiniplex_staircase_pool_2
Lair:2:   layout_gridlike, minmay_shoals_entry_centaurs, spider_nest_entry_webs,
          grunt_megastairs_5
Lair:3:   layout_hall_layers, beast_lair_carwin_3, serial_bayou_shore_b
Lair:4:   layout_cave_shapes, st_stairs_4, grunt_forest_stairs_clearing,
          grunt_megastairs_1

Skill      XL: |  1  2  3  4  5  6  7  8  9 10 11 12 13 14 |
---------------+-------------------------------------------+-----
Ranged Weapons | 5 6 7 9 10 13 14 15 | 15.7
Invocations    | 1 2 3 5 6 8 10 | 10.1
Fighting       | 3 4 5 7 9 10 11 | 11.9
Dodging        | 3 4 5 6 12 14 | 14.0
Evocations     | 2 3 |  3.0
Armour         | 3 4 6 |  6.0
Stealth        | |  0.6

Action                     |  1- 3 |  4- 6 |  7- 9 | 10-12 | 13-15 || total
---------------------------+-------+-------+-------+-------+-------++-------
   Fire: Shortbow          |    60 |   113 |   217 |   347 |   503 ||  1240
  Throw: Throwing net      |       |       |       |     1 |       ||     1
 Invoke: Heroism           |       |     3 |     7 |    13 |    13 ||    36
         Finesse           |       |       |       |     2 |     2 ||     4
  Evoke: Wand              |       |       |       |     1 |     2 ||     3
    Use: Scroll            |       |    12 |     3 |    10 |     8 ||    33
         Potion            |       |     4 |     2 |     2 |     4 ||    12
 Armour: Leather armour    |     8 |    21 |    20 |    28 |    53 ||   130
  Dodge: Dodged            |    14 |    47 |    65 |   134 |   314 ||   574
  Block: Other             |       |       |    12 |    44 |    69 ||   125
         Reflection        |       |       |     3 |    10 |     2 ||    15

Table legend: (Time is in decaauts)
 A = Elapsed time spent in this place.
 B = Non-inter-level travel time spent in this place.
 C = Inter-level travel time spent in this place.
 D = Time resting spent in this place.
 E = Time spent auto-exploring this place.
 F = Levels seen in this place.
 G = Mean time per level.
                   A        B        C        D        E       F      G
               +--------+--------+--------+--------+--------+-----+--------+
         Total |   7402 |   6550 |    852 |    100 |      0 |  15 |  493.5 |
       Dungeon |   5765 |   4990 |    775 |    100 |      0 |  11 |  524.1 |
          Lair |   1637 |   1560 |     77 |      0 |      0 |   4 |  409.2 |
               +--------+--------+--------+--------+--------+-----+--------+

Top non-repeatable levels by time:
     D:9: 805 daAuts
    D:10: 707 daAuts
     D:7: 666 daAuts
     D:6: 648 daAuts
     D:3: 643 daAuts
     D:4: 544 daAuts
  Lair:2: 530 daAuts
  Lair:3: 521 daAuts
     D:1: 484 daAuts
  Lair:1: 466 daAuts
     D:5: 427 daAuts
     D:2: 427 daAuts
     D:8: 402 daAuts
  Lair:4: 119 daAuts
    D:11: 8 daAuts
